 Dungeon Crawl Stone Soup version 0.31.0-9-g3a7656b989 (webtiles) character file.

Game seed: 13466337055444177536

35 Doomgape the Ruffian (level 3, 0/27 HPs)
             Began as a Demigod Shapeshifter on Feb 3, 2024.
             Slain by a ribbon worm (2 damage)
             ... on level 2 of the Dungeon.
             The game lasted 00:04:19 (1442 turns).

Doomgape the Ruffian (Demigod Shapeshifter)         Turns: 1442, Time: 00:04:20

Health: 0/27       AC:  2    Str: 19    XL:     3   Next: 4%
Magic:  5/5        EV: 12    Int: 12    God:
Gold:   115        SH:  0    Dex: 13    Spells: 2/2 levels left

rFire   . .          .
                       - Unarmed
rCold   . . .        (no shield)
rNeg    + . .        a - +0 animal skin
rPois   .            (helmet currently unavailable)
rElec   .            (cloak currently unavailable)
rCorr   .            (gloves currently unavailable)
SInv    .            (boots currently unavailable)
Will    .....        (no amulet)
Stlth   +            h - ring of positive energy
HPRegen 0.24/turn    (no ring)
MPRegen 0.09/turn

%: no passive effects
@: mighty, lethally poisoned (0 -> -6), beast-form
A: beast (slay +1), high MP 1, forlorn, divine attributes
a: Begin Untransformation


You were on level 2 of the Dungeon.
You were a hulking beast.
You visited 1 branch of the dungeon, and saw 2 of its levels.

You collected 115 gold pieces.

Inventory:

Armour
 a - a +0 animal skin (worn)
Jewellery
 h - a ring of positive energy (left hand)
Talismans
 c - a beast talisman
 d - a flux talisman
Wands
 i - a wand of roots (8)
Potions
 b - a potion of lignification
 e - 2 potions of cancellation


   Skills:
 - Level 0.8 Fighting
 + Level 2.4 Dodging
 + Level 3.1 Unarmed Combat
 + Level 3.0 Shapeshifting


You had 2 spell levels left.
You didn't know any spells.
Your spell library was empty.

Dungeon Overview and Level Annotations

Branches:
Dungeon (2/15)


Innate Abilities, Weirdness & Mutations

You are a hulking beast.
Your limbs bulge with bestial killing power. (Slay +1)
You have an increased reservoir of magic. (+10% MP)
You shall have no god before yourself.
Your divine heritage dramatically boosts your attributes as you level up.


Message History

You are caught in a web!
You are caught in a web!
The web tears apart.
The adder barely misses you. The adder barely misses you. The adder bites you.
You see here a quokka corpse.
The adder bites you but does no damage.
You hit the ribbon worm.
The ribbon worm is moderately wounded.
The adder bites you.
You hit the ribbon worm.
The ribbon worm is moderately wounded.
The adder barely misses you.
The ribbon worm expels a string of sticky webbing.
The stream of webbing hits you but does no damage.
You are caught in a web!
The web tears apart.
The adder barely misses you. The ribbon worm bites you! The adder bites you.
You are poisoned.
The adder poisons you!
You hit the ribbon worm.
The ribbon worm is moderately wounded.
You feel sick. The adder bites you but does no damage.
The ribbon worm expels a string of sticky webbing.
The stream of webbing hits you but does no damage.
You are caught in a web!
The web tears apart.
You feel sick. The adder bites you but does no damage.
The ribbon worm bites you.
* * * LOW HITPOINT WARNING * * *
You hit the ribbon worm.
The ribbon worm is heavily wounded.
You feel sick. The adder bites you.
* * * LOW HITPOINT WARNING * * *
You are lethally poisoned!
The adder poisons you!
Unknown command.
It was a potion of might.
You feel very mighty all of a sudden.
* * * LOW HITPOINT WARNING * * *
You feel sick. The adder barely misses you. The ribbon worm bites you.
You die...

#......#.#
#......#.#
#......#.#
#......#.#####
#......#.....#
#......#.....#
#.....#
#####...S.#
.......†h.#
##......w......#
#.............#
#.............#
#..........#)..
#..........#...
#..........# .
#..........#


You could see a ribbon worm (catching breath) and an adder.

Vanquished Creatures
  3 ribbon worms (D:2)
  A dart slug (D:1)
  4 ball pythons (D:1)
  An endoplasm (D:2)
  A giant cockroach (D:1)
  A hobgoblin (D:2)
  3 jackals (D:2)
  2 quokkas (D:2)
  3 bats
  A frilled lizard (D:1)
  2 kobolds (D:1)
  5 rats
27 creatures vanquished.

Notes
Turn   | Place    | Note
-------+----------+-------------------------------------------
     0 | D:1      | Doomgape the Demigod Shapeshifter began the quest for the
                  | Orb.
     0 | D:1      | Reached XP level 1. HP: 15/15 MP: 3/3
   558 | D:1      | Reached XP level 2. HP: 22/22 MP: 4/4
  1315 | D:2      | Reached XP level 3. HP: 26/27 MP: 5/5
  1442 | D:2      | Slain by a ribbon worm

Illustrated notes

Levels and vault maps discovered:
D:1:      dpeg_arrival_rooms_a, layout_loops_corners, st_stairs_10
D:2:      layout_basic, hellmonk_ecumenical_altar_watching_god

Skill      XL: |  1  2 |
---------------+-------+-----
Dodging        | 2 |  2.4
Unarmed Combat | 3 |  3.1
Shapeshifting  | 3 |  3.0
Fighting       | |  0.8

Action                     || total
---------------------------++-------
  Melee: Unarmed           ||    89
         Punch             ||     2
    Use: Scroll            ||     1
         Potion            ||     1
   Stab: Sleeping          ||     4
 Armour: Animal skin       ||    36
  Dodge: Dodged            ||    49
